 Dungeon Crawl Stone Soup version 0.17-a0-1851-gf12a9eb (webtiles) character file.

46 Geeful the Insei (level 3, -2/24 HPs)
             Began as a Human Wanderer on Sept 19, 2015.
             Slain by an adder (4 damage)
             ... on level 2 of the Dungeon.
             The game lasted 00:06:17 (1987 turns).

Geeful the Insei (Human Wanderer)                   Turns: 1987, Time: 00:06:17

Health: -2/24      AC:  6    Str: 11    XL:     3   Next: 95%
Magic:  3/3        EV: 12    Int:  9    God:
Gold:   167        SH:  0    Dex: 19    Spells: 0 memorised, 2 levels left

rFire  . . .     SeeInvis .       - Unarmed
rCold  . . .     Clarity  .     b - +1 ring mail
rNeg   . . .     SustAt   .     (no shield)
rPois  .         Gourm    .     (no helmet)
rElec  .         Spirit   .     (no cloak)
rCorr  .         Warding  .     (no gloves)
rMut   .         Stasis   .     (no boots)
MR     .....                    (no amulet)
Stlth  ++........               (no ring)
                                (no ring)

@: lethally poisoned (-2 -> -5), flying, slowed, very slow, not resistant to
hostile enchantments, unstealthy
A: thin skeletal structure 1, screaming 1, slow healing 1
a: no special abilities


You were on level 2 of the Dungeon.
You were not hungry.

You visited 1 branch of the dungeon, and saw 2 of its levels.

You collected 167 gold pieces.

Inventory:

Armour
 b - a +1 ring mail (worn)
Potions
 d - 2 potions of cure mutation
 l - a potion of flight
Comestibles
 a - 2 chunks of flesh
 e - a bread ration
 j - a meat ration


   Skills:
   Level 2.0 Staves
 - Level 1.0 Throwing
 - Level 3.0 Dodging
 + Level 3.2 Unarmed Combat
   Level 1.0 Conjurations
   Level 2.0 Earth Magic
   Level 1.0 Evocations


You had 2 spell levels left.
You didn't know any spells.

Dungeon Overview and Level Annotations

Branches:
Dungeon (2/15)

Altars:

Annotations:
D:2 Natasha


Innate Abilities, Weirdness & Mutations

You have a somewhat thin skeletal structure (Dex +2, Stealth).
You occasionally shout uncontrollably at your foes.
You heal slowly when monsters are visible.


Message History

You feel sick. The adder bites you but does no damage.
The adder completely misses you.
You hit the adder but do no damage.
The adder is moderately wounded.
The white imp disappears in a puff of smoke!
The adder bites you but does no damage. x2
You miss the adder.
The adder is moderately wounded.
The adder barely misses you.
Natasha stares next to you and mumbles some strange words.
A cloud of flames roars to life!
You barely miss the adder.
The adder is moderately wounded.
* * * LOW HITPOINT WARNING * * *
You feel sick. The adder bites you but does no damage.
The adder barely misses you.
You closely miss the adder. You punch the adder, but do no damage.
The adder is moderately wounded.
The adder bites you.
You die...

#### #######...
######....##.##
######......##.##...
#....#.###..[#......
#.####..............
#.#######.###.#####.
#)#§................
#.#@#.....###..#....
#.#S#.###......#....
#######.#h#...#.##...#..#.
#.........###.#.##<..#....
.....>......^....#....#..†.
........########.#.#..#.>.#
#.......# #...#.#..#...†
#.......######'###....#...#
........#.......#####.###..


You could see Natasha and an adder.

Vanquished Creatures
  An adder (D:2)
  2 oozes (D:2)
  2 ball pythons (D:1)
  3 hobgoblins
  2 jackals (D:2)
  6 kobolds
  A quokka (D:2)
  5 bats
  3 giant newts
  2 goblins
  5 rats
  A fungus (D:1)
33 creatures vanquished.

Notes
Turn   | Place    | Note
--------------------------------------------------------------
     0 | D:1      | Geeful the Human Wanderer began the quest for the Orb.
     0 | D:1      | Geeful set off with: a +2 quarterstaff, the Disquisition on Arcane Weapons, the Papyrus of the Rocks, a +0 robe, a bread ration
     0 | D:1      | Reached XP level 1. HP: 13/13 MP: 1/1
     1 | D:1      | Identified the Disquisition on Arcane Weapons
     1 | D:1      | Identified the Papyrus of the Rocks
   247 | D:1      | Reached skill level 1 in Unarmed Combat
   509 | D:1      | Reached XP level 2. HP: 14/19 MP: 2/2
  1402 | D:2      | Reached XP level 3. HP: 20/24 MP: 3/3
  1969 | D:2      | Noticed Natasha
  1976 | D:2      | Gained mutation: You occasionally shout uncontrollably at your foes. [potion of mutation]
  1976 | D:2      | Gained mutation: You have a somewhat thin skeletal structure (Dex +2, Stealth). [potion of mutation]
  1976 | D:2      | Gained mutation: You heal slowly when monsters are visible. [potion of mutation]
  1987 | D:2      | Slain by an adder

Vault maps used:
D:1:      grunt_arrival_crossed_arrows, minmay_gold_behind_fungi,
          serial_bayou_lake_a
D:2:      uniq_terence, uniq_iyjb, uniq_natasha, uniq_crazy_yiuf_cottage

Action                   || total
-------------------------++-------
Melee: Unarmed           ||   203
  Use: Potion            ||     5
       Scroll            ||     4
 Stab: Sleeping          ||     2
  Eat: Fruit             ||     3
       Chunk             ||     1
